 Dungeon Crawl Stone Soup version 0.30-a0-629-gd54f4be4f7 (webtiles) character file.

Game seed: 6871510351859629368

880 bmack86 the Chopper (level 7, -2/62 HPs)
             Began as a Minotaur Fighter on Jan 13, 2023.
             Slain by a two-headed ogre
             ... wielding a +0 giant spiked club
              (9 damage)
             ... on level 6 of the Dungeon.
             The game lasted 00:12:27 (3829 turns).

bmack86 the Chopper (Minotaur Fighter)              Turns: 3829, Time: 00:12:28

Health: -2/62      AC: 11    Str: 23    XL:     7   Next: 75%
Magic:  6/6        EV:  7    Int:  5    God:
Gold:   237        SH:  8    Dex: 21    Spells: 6/6 levels left

rFire   . . .      SeeInvis .    a - +0 war axe
rCold   . . .      Faith    .    e - +2 buckler
rNeg    . . .      Spirit   .    c - +0 chain mail
rPois   .          Reflect  .    (helmet restricted)
rElec   .          Harm     .    (no cloak)
rCorr   .          Rampage  .    h - +0 pair of gloves
Will    .....                    (no boots) Stlth
                                 j - amulet of the acrobat
HPRegen 0.30/turn                y - +6 ring of dexterity
MPRegen 0.10/turn                x - +6 ring of dexterity

@: no status effects
A: horns 2, retaliatory headbutt
a: no special abilities


You were on level 6 of the Dungeon.
You visited 1 branch of the dungeon, and saw 6 of its levels.
You also visited: Ossuary.

You collected 237 gold pieces.

Inventory:

Hand Weapons
 a - a +0 war axe (weapon)
Missiles
 i - 5 boomerangs (quivered)
Armour
 b - a +0 scale mail
 c - a +0 chain mail (worn)
 e - a +2 buckler (worn)
 h - a +0 pair of gloves (worn)
Jewellery
 g - a ring of resist corrosion
 j - an amulet of the acrobat (around neck)
 v - a ring of ice
 x - a +6 ring of dexterity (right hand)
 y - a +6 ring of dexterity (left hand)
Wands
 q - a wand of light (5)
 w - a wand of flame (26)
Scrolls
 l - 2 scrolls of teleportation
 n - a scroll of noise
 p - a scroll of poison {unknown}
 t - a scroll of blinking
 u - a scroll of enchant weapon {unknown}
 z - 2 scrolls of fog {unknown}
 B - 2 scrolls of identify
Potions
 d - 2 potions of might
 f - 2 potions of heal wounds
 k - a potion of flight
 m - 6 potions of curing
 o - a potion of attraction
 r - 3 potions of lignification
 s - 2 potions of haste
 A - 3 potions of berserk rage {unknown}
 C - a potion of brilliance {unknown}


   Skills:
 + Level 5.7 Fighting
 * Level 6.5 Axes
 + Level 3.2 Throwing
 + Level 5.6 Armour
 + Level 5.5 Shields


You had 6 spell levels left.
You didn't know any spells.
Your spell library contained the following spells:

 Spells                   Type           Power      Damage    Failure   Level
 Cigotuvi's Dreadful Rot  Necr/Pois/Air  0%         N/A       100%        2
 Dispel Undead            Necr           0%         3d6       100%        4
 Death Channel            Necr           0%         N/A       100%        6


Dungeon Overview and Level Annotations

Branches:
Dungeon (6/15)            Ossuary (visited)
 Temple: D:4-7

Altars:
Cheibriados
Okawaru
Xom

Shops:
D:1 =

Annotations:
D:3 3 runed translucent doors, bmack86's ghost, amateur MiFi


Innate Abilities, Weirdness & Mutations

You have a pair of horns on your head.
You reflexively headbutt those who attack you in melee.


Message History

An iguana comes into view.
The iguana hisses angrily.
The two-headed ogre barely misses you. The two-headed ogre closely misses you.
The iguana moves out of view.
You hit the two-headed ogre but do no damage.
You headbutt the two-headed ogre.
The two-headed ogre is moderately wounded.
You hit the two-headed ogre.
The two-headed ogre is moderately wounded.
The two-headed ogre hits you with a +0 giant spiked club!!
The two-headed ogre hits you with a +0 dire flail.
You hit the two-headed ogre. You headbutt the two-headed ogre!
The two-headed ogre is severely wounded.
The two-headed ogre hits you but does no damage.
The two-headed ogre hits you with a +0 dire flail!
You block the scorpion's attack.
You hit the two-headed ogre.
Your headbutt misses the two-headed ogre.
The two-headed ogre is severely wounded.
You slash the scorpion! The scorpion completely misses you.
The two-headed ogre hits you with a +0 giant spiked club!
* * * LOW HITPOINT WARNING * * *
The two-headed ogre closely misses you.
You barely miss the two-headed ogre.
The two-headed ogre is severely wounded.
You closely miss the scorpion. The scorpion stings you.
* * * LOW HITPOINT WARNING * * *
You block the scorpion's attack.
The two-headed ogre hits you with a +0 giant spiked club.
* * * LOW HITPOINT WARNING * * *
You block the two-headed ogre's attack.
You hit the two-headed ogre but do no damage.
Your headbutt misses the two-headed ogre.
The two-headed ogre is severely wounded.
You hit the scorpion but do no damage. The scorpion barely misses you.
You hit the two-headed ogre.
The two-headed ogre is severely wounded.
You hit the scorpion. The scorpion barely misses you.
The two-headed ogre hits you with a +0 giant spiked club!
You die...

.....##..##
.###.....# ...
####.....#..# ...
###...##....##
.... #....##
#..... .....
....## #.....
#..... ...##
##....# ###......
#..#
#.....###.s......
#.†####.#
#.....@Ol....#
##.....#
###...###....#
#...##.## #..##
.## ....###.##
#.## ....#
#.†####.## .
....#
##..##...#....
.....
##............
..#..
#...###......
..###. ###..#
.(....


You could see a two-headed ogre, a scorpion and an iguana.

Vanquished Creatures
  A black bear (D:5)
  An ice beast (D:5)
  An ogre (D:3)
  A centaur (D:5)
  A bullfrog (D:6)
  A scorpion (D:5)
  A hound (D:5)
  2 jellies
  3 iguanas
  Ijyb (D:3)
  2 mummies
  4 gnolls (D:5)
  4 adders
  A worm (D:3)
  A dart slug (D:1)
  9 orcs (D:5)
  4 spectral bats (Ossuary)
  5 ball pythons
  2 bats (D:3)
  5 endoplasms
  2 giant cockroaches
  12 gnoll zombies (Ossuary)
  3 goblins
  7 hobgoblins
  A kobold (D:1)
  2 quokkas
  5 bat simulacra (Ossuary)
  2 frilled lizards
  4 goblin simulacra (Ossuary)
  3 goblin zombies (Ossuary)
  3 hobgoblin zombies (Ossuary)
  4 kobold simulacra (Ossuary)
  4 kobold zombies (Ossuary)
  8 orc zombies (Ossuary)
  4 rats
  2 rat simulacra (Ossuary)
  5 spectral goblins (Ossuary)
  3 spectral kobolds (Ossuary)
  A spectral rat (Ossuary)
125 creatures vanquished.

Vanquished Creatures (others)
  3 plants (D:3)
3 creatures vanquished.

Grand Total: 128 creatures vanquished

Notes
Turn   | Place    | Note
-------+----------+-------------------------------------------
     0 | D:1      | bmack86 the Minotaur Fighter began the quest for the Orb.
     0 | D:1      | Reached XP level 1. HP: 19/19 MP: 0/0
   113 | D:1      | Found Risk's Jewellery Shoppe.
   417 | D:1      | Reached XP level 2. HP: 27/27 MP: 1/1
   469 | D:1      | Found a faded altar of an unknown god.
   748 | D:2      | Reached skill level 3 in Axes
  1216 | D:3      | Reached XP level 3. HP: 28/33 MP: 2/2
  1295 | D:3      | Found a runed translucent gate.
  1295 | D:3      | Noticed bmack86's ghost (amateur MiFi)
  1297 | D:3      | Found a runed translucent gate.
  1298 | D:3      | Found a runed translucent gate.
  1593 | D:3      | Noticed an ogre
  1599 | D:3      | Killed an ogre
  1600 | D:3      | Reached skill level 4 in Axes
  1600 | D:3      | Reached skill level 1 in Throwing
  1600 | D:3      | Reached XP level 4. HP: 41/41 MP: 3/3
  1771 | D:3      | Noticed Ijyb
  1782 | D:3      | Killed Ijyb
  1783 | D:3      | Reached XP level 5. HP: 14/47 MP: 4/4
  2202 | D:4      | Found a snail-covered altar of Cheibriados.
  2268 | D:4      | Found a sand-covered staircase.
  2276 | Ossuary  | Entered an ossuary
  3063 | D:5      | Entered Level 5 of the Dungeon
  3079 | D:5      | Noticed a centaur
  3087 | D:5      | Noticed an ice beast
  3088 | D:5      | Killed a centaur
  3089 | D:5      | Reached skill level 5 in Axes
  3089 | D:5      | Reached XP level 6. HP: 44/55 MP: 5/5
  3096 | D:5      | Killed an ice beast
  3097 | D:5      | Reached skill level 5 in Fighting
  3098 | D:5      | Reached skill level 5 in Armour
  3143 | D:5      | Reached skill level 5 in Shields
  3143 | D:5      | Reached XP level 7. HP: 27/61 MP: 6/6
  3437 | D:5      | Reached skill level 6 in Axes
  3492 | D:5      | Found an iron altar of Okawaru.
  3496 | D:5      | Found a shimmering altar of Xom.
  3819 | D:6      | Noticed a two-headed ogre
  3829 | D:6      | Slain by a two-headed ogre

Illustrated notes

Levels and vault maps discovered:
D:1:      wander_arrival_desolate, layout_loops_ring,
          shapermc_ecumenical_altar_mp_ritualfount, serial_shops, shop
D:2:      layout_basic, chequers_serial_rivers_micro_c
D:3:      layout_basic, biasface_ghost_orc_armoury, guppyfry_early_lair_pool,
          uniq_ijyb
D:4:      layout_rooms, kennysheep_mini, gup_ossuary_entry_pyramid
D:5:      layout_rooms, nicolae_overflow_hidden_temple,
          kennysheep_generic_room_5
D:6:      layout_layer_cave, minmay_temple_entry_arrows,
          ebering_ghost_rock_garden, minmay_misc_feat_enclosed

Skill      XL: |  1  2  3  4  5  6  7 |
---------------+----------------------+-----
Axes           | 3 4 5 6 |  6.5
Armour         | 4 5 |  5.6
Shields        | 4 5 |  5.5
Fighting       | 4 5 |  5.7
Throwing       | 1 2 3 |  3.2

Action                   |  1- 3 |  4- 6 |  7- 9 || total
-------------------------+-------+-------+-------++-------
Melee: War axe           |    60 |   136 |    45 ||   241
       Headbutt          |     6 |    25 |     8 ||    39
Throw: Boomerang         |       |     5 |    18 ||    23
  Use: Scroll            |     3 |     7 |       ||    10
       Potion            |     1 |     2 |       ||     3
Armor: Scale mail        |    14 |       |       ||    14
       Chain mail        |     7 |    76 |    15 ||    98
Dodge: Dodged            |    29 |    42 |    22 ||    93
Block: Buckler           |    32 |    48 |    22 ||   102

Table legend: (Time is in decaauts)
 A = Elapsed time spent in this place.
 B = Non-inter-level travel time spent in this place.
 C = Inter-level travel time spent in this place.
 D = Time resting spent in this place.
 E = Time spent auto-exploring this place.
 F = Levels seen in this place.
 G = Mean time per level.
                   A        B        C        D        E       F      G
               +--------+--------+--------+--------+--------+-----+--------+
         Total |   3909 |   3819 |     90 |    231 |   2033 |   7 |  558.4 |
       Dungeon |   3352 |   3262 |     90 |    231 |   1990 |   6 |  558.7 |
       Ossuary |    556 |    556 |      0 |      0 |     43 |   1 |  556.0 |
               +--------+--------+--------+--------+--------+-----+--------+

Top non-repeatable levels by time:
     D:3: 1026 daAuts
     D:5: 689 daAuts
     D:1: 655 daAuts
 Ossuary: 556 daAuts
     D:2: 497 daAuts
     D:4: 387 daAuts
     D:6: 96 daAuts
